 Dungeon Crawl Stone Soup version 0.31-a0-446-g07c4bd200f (webtiles) character file.

Game seed: 9746007800892514564

407 Ethylacetat the Insei (level 6, -4/34 HPs)
             Began as a Vine Stalker Monk on Aug 2, 2023.
             Slain by a vampire mosquito (7 damage)
             ... on level 8 of the Dungeon.
             The game lasted 00:05:04 (3213 turns).

Ethylacetat the Insei (Vine Stalker Monk)           Turns: 3213, Time: 00:05:06

Health: -4/34      AC:  5    Str: 14    XL:     6   Next: 88%
Magic:  0/7        EV: 14    Int: 10    God:
Gold:   65         SH:  0    Dex: 18    Spells: 5/5 levels left

rFire   . . .        A - +1 whip (drain)
rCold   . . .        c - orb {light}
rNeg    . . .        a - +0 robe
rPois   .            v - +2 helmet
rElec   .            (no cloak)
rCorr   .            (no gloves)
SInv    .            (no boots)
Will    .....        (no amulet)
Stlth   +            (no ring)
HPRegen 1.05/turn    (no ring)
MPRegen 0.10/turn

%: guardian spirit
@: glowing
A: fangs 2, regeneration 1, magic shield, antimagic bite, no potion heal 2
a: no special abilities


You were on level 8 of the Dungeon.
You visited 1 branch of the dungeon, and saw 7 of its levels.

You collected 155 gold pieces.
You spent 90 gold pieces at shops.

Inventory:

Hand Weapons
 A - a +1 whip of draining (weapon)
Missiles
 q - 2 poisoned darts
Armour
 a - a +0 robe (worn)
 c - an orb of light (worn)
 v - a +2 helmet (worn)
Jewellery
 y - a ring of protection from fire
Wands
 p - a wand of digging (5)
 u - a wand of charming (3)
Scrolls
 f - a scroll of immolation {unknown}
 h - a scroll of amnesia {unknown}
 i - 4 scrolls of teleportation {unknown}
 m - 4 scrolls of identify {unknown}
 o - a scroll of revelation {unknown}
 t - 2 scrolls of poison {unknown}
 w - a scroll of summoning {unknown}
 z - a scroll of fog {unknown}
Potions
 d - 2 potions of invisibility {unknown}
 e - a potion of enlightenment {unknown}
 g - 3 potions of curing {unknown}
 j - a potion of mutation {unknown}
 k - 4 potions of degeneration
 l - 2 potions of resistance {unknown}
 n - 3 potions of heal wounds {unknown}
 r - a potion of lignification
 s - a potion of berserk rage
 x - 2 potions of might {unknown}


   Skills:
 + Level 4.5 Fighting
 + Level 4.0 Dodging
 + Level 4.9 Unarmed Combat


You had 5 spell levels left.
You didn't know any spells.
Your spell library contained the following spells:

 Spells                   Type           Power      Damage    Failure   Level
 Vhi's Electric Charge    Tloc/Air       0%         N/A       75%         3
 Arcjolt                  Conj/Air       0%         1d10      100%        5
 Maxwell's Capacitive Co  Air            0%         ∞         100%        8


Dungeon Overview and Level Annotations

Branches:
Dungeon (8/15)
 Temple: D:4-7         Lair: D:8-11

Altars:
Gozag

Shops:
D:3 !


Innate Abilities, Weirdness & Mutations

You have extremely sharp teeth.
Your natural rate of healing is unusually fast.
When hurt, damage is shared between your health and your magic reserves.
Your bite disrupts and absorbs the magic of your enemies.
Potions cannot restore your health.


Message History

The vampire mosquito is lightly damaged.
The vampire mosquito barely misses you.
The vampire mosquito completely misses you.
You closely miss the vampire mosquito.
The vampire mosquito is lightly damaged.
The vampire mosquito barely misses you. The vampire mosquito bites you.
The vampire mosquito draws strength from your injuries!
You hit the vampire mosquito. Your bite misses the vampire mosquito.
The vampire mosquito is moderately damaged.
The vampire mosquito closely misses you.
The vampire mosquito bites you but does no damage.
You barely miss the vampire mosquito.
The vampire mosquito is moderately damaged.
The vampire mosquito bites you but does no damage.
The vampire mosquito bites you!
The vampire mosquito draws strength from your injuries!
You barely miss the vampire mosquito. You bite the vampire mosquito.
You drain its power.
You feel invigorated.
The vampire mosquito is moderately damaged.
The vampire mosquito barely misses you. The vampire mosquito misses you.
You hit the vampire mosquito. Your bite misses the vampire mosquito.
The vampire mosquito is heavily damaged.
The vampire mosquito misses you. The vampire mosquito bites you!
* * * LOW HITPOINT WARNING * * *
The vampire mosquito draws strength from your injuries!
You closely miss the vampire mosquito. You bite the vampire mosquito.
You drain its power.
You feel invigorated.
The vampire mosquito is lightly damaged.
The vampire mosquito bites you.
* * * LOW HITPOINT WARNING * * *
The vampire mosquito draws strength from your injuries!
The vampire mosquito bites you but does no damage.
The vampire mosquito barely misses you.
You hit the vampire mosquito.
The vampire mosquito is lightly damaged.
The vampire mosquito bites you.
* * * LOW HITPOINT WARNING * * *
The vampire mosquito draws strength from your injuries!
The vampire mosquito bites you!
You die...

#+# #.# #.# ##.##
####...## #+# ##
........# ##.# .#
#.##....####..###.#
#.###..........y@.#
........###########
..####### ###


You could see a vampire mosquito.

Vanquished Creatures
  A scorpion (D:5)
  A howler monkey (D:5)
  An orc priest (D:4)
  3 orc wizards
  Robin (D:3)
  2 gnolls (D:5)
  5 adders
  An ufetubus (D:4)
  2 worms (D:3)
  3 dart slugs
  8 orcs
  6 ball pythons
  5 endoplasms
  2 giant cockroaches
  13 goblins
  11 hobgoblins
  6 jackals
  3 quokkas
  3 bats
  4 frilled lizards
  6 kobolds
  5 rats
92 creatures vanquished.

Vanquished Creatures (collateral kills)
  2 gnolls (D:5)
2 creatures vanquished.

Grand Total: 94 creatures vanquished

Notes
Turn   | Place    | Note
-------+----------+-------------------------------------------
     0 | D:1      | Ethylacetat the Vine Stalker Monk began the quest for the
                  | Orb.
     0 | D:1      | Reached XP level 1. HP: 11/11 MP: 2/2
   108 | D:1      | Reached XP level 2. HP: 6/16 MP: 3/3
   508 | D:1      | Reached XP level 3. HP: 20/20 MP: 4/4
  1596 | D:3      | Gained mutation: Your natural rate of healing is unusually
                  | fast. [Vine Stalker growth]
  1596 | D:3      | Reached XP level 4. HP: 23/24 MP: 3/5
  1616 | D:3      | Found Mekkotio's Distillery.
  1623 | D:3      | Bought a potion of lignification for 30 gold pieces
  1623 | D:3      | Bought a potion of berserk rage for 50 gold pieces
  1623 | D:3      | Bought a potion of degeneration for 10 gold pieces
  1775 | D:3      | Reached XP level 5. HP: 24/28 MP: 6/6
  2076 | D:3      | Noticed Robin
  2082 | D:3      | Killed Robin
  2536 | D:4      | Found an opulent altar of Gozag.
  2568 | D:4      | Reached XP level 6. HP: 26/33 MP: 5/7
  2975 | D:5      | Entered Level 5 of the Dungeon
  3161 | D:5      | You fall into a shaft and drop 3 floors!
  3198 | D:7      | Noticed a vampire mosquito
  3203 | D:7      | Noticed a vampire mosquito
  3213 | D:8      | Slain by a vampire mosquito

Illustrated notes

Levels and vault maps discovered:
D:1:      amcnicky_arrival_choice, layout_loops_cross
D:2:      layout_loops_corners, st_stairs_9
D:3:      layout_loops_ring, serial_shops, shop, uniq_robin
D:4:      layout_gridville, kennysheep_mini
D:5:      layout_basic, serial_shops, shop, sigmund_army
D:7:      layout_basic, minmay_temple_entry_large_hall
D:8:      layout_loops_corners, lemuel_doored_altar,
          gammafunk_temple_overflow_elements, erik_lair_orcish_takeover

Skill      XL: |  1  2  3  4  5  6 |
---------------+-------------------+-----
Fighting       | 3 4 |  4.5
Dodging        | 3 4 |  4.0
Unarmed Combat | 4 |  4.9

Action                     |  1- 3 |  4- 6 || total
---------------------------+-------+-------++-------
  Melee: Unarmed           |   105 |    17 ||   122
         Bite              |    34 |    49 ||    83
         Dagger            |       |   128 ||   128
         Whip              |       |    14 ||    14
  Evoke: Wand              |       |     1 ||     1
 Armour: Robe              |    15 |    26 ||    41
  Dodge: Dodged            |    74 |   105 ||   179

Table legend: (Time is in decaauts)
 A = Elapsed time spent in this place.
 B = Non-inter-level travel time spent in this place.
 C = Inter-level travel time spent in this place.
 D = Time resting spent in this place.
 E = Time spent auto-exploring this place.
 F = Levels seen in this place.
 G = Mean time per level.
                   A        B        C        D        E       F      G
               +--------+--------+--------+--------+--------+-----+--------+
         Total |   3205 |   3113 |     92 |      0 |   2549 |   7 |  457.9 |
       Dungeon |   3205 |   3113 |     92 |      0 |   2549 |   7 |  457.9 |
               +--------+--------+--------+--------+--------+-----+--------+

Top non-repeatable levels by time:
     D:2: 853 daAuts
     D:3: 767 daAuts
     D:1: 701 daAuts
     D:4: 645 daAuts
     D:5: 185 daAuts
     D:8: 46 daAuts
     D:7: 6 daAuts
